 Dungeon Crawl Stone Soup version 0.18-a0-998-gcb3fcb1 (webtiles) character file.

22186 M4edhros the Unseen (level 12, -1/72 HPs)
             Began as an Octopode Artificer on Jan 4, 2016.
             Was the Champion of Okawaru.
             Slain by a salamander stormcaller
             ... wielding a +0 trident
              (9 damage)
             ... on level 2 of the Abyss on Jan 5, 2016.
             The game lasted 00:53:45 (16728 turns).

M4edhros the Unseen (Octopode Artificer)           Turns: 16728, Time: 00:53:46

Health: -1/72      AC: 10    Str: 15    XL:     12   Next: 97%
Magic:  28/28      EV: 17    Int: 22    God:    Okawaru [******]
Gold:   869        SH:  4    Dex: 13    Spells: 4 memorised, 3 levels left

rFire  + + .     SeeInvis +     h - +1 dagger (elec)
rCold  + . .     Gourm    .     c - +0 buckler {AC+3}
rNeg   . . .     Faith    +     B - +2 hat
rPois  .         Spirit   .     e - amulet of faith
rElec  .         Dismiss  .     j - ring of wizardry
rCorr  .         Reflect  .     n - ring of flight
SustAt .         Harm     .     x - ring of magical power
MR     .....                    M - ring of see invisible
Stlth  ++++++++..               N - ring of protection from fire
                                O - ring of protection from fire
                                P - ring of protection from cold
                                (no ring)

@: mighty, very slightly contaminated, starving, invisible, not resistant to
hostile enchantments, extraordinarily stealthy
A: almost no armour, amphibious, 8 rings, constrict 8, antennae 1, rough black
scales 1, camouflage 1, blurry vision 1, clever 2, sense surroundings 2,
gelatinous body 1, evolution 1
a: Heroism, Finesse, Renounce Religion, Evoke Flight


You were on level 2 of the Abyss.
You worshipped Okawaru.
Okawaru was exalted by your worship.
You were starving.

You visited 2 branches of the dungeon, and saw 15 of its levels.
You visited the Abyss 1 time.
You also visited: Sewer and Volcano.

You collected 869 gold pieces.

Inventory:

Hand Weapons
 d - a +0 blowgun
 h - a +1 dagger of electrocution (weapon)
 m - a +5 hunting sling of venom
 u - the +3 rapier "Dussi" {venom, rF+ rN+ MR++}
   (You found it on level 10 of the Dungeon)

   It poisons the flesh of those it strikes.
   It protects you from fire.
   It protects you from negative energy.
   It affects your resistance to hostile enchantments.
Missiles
 a - 16 exploding sling bullets
 g - 124 sling bullets
 k - 394 stones (quivered)
 r - 8 steel sling bullets
 s - 16 curare-tipped needles
 v - 76 arrows
 I - 20 poisoned needles
Armour
 b - a +0 shield
 c - a +0 buckler of protection (worn)
 B - a +2 hat (worn)
Jewellery
 e - an amulet of faith (around mantle)
 j - a ring of wizardry (left tentacle)
 n - a ring of flight (right tentacle)
 x - a ring of magical power (on tentacle)
 M - a ring of see invisible (on tentacle)
 N - a ring of protection from fire (on tentacle)
 O - a ring of protection from fire (on tentacle)
 P - a ring of protection from cold (on tentacle)
Wands
 p - a wand of teleportation (4/9)
 C - a wand of slowing (21/48)
 K - a wand of fireball (9/15)
 Q - a wand of heal wounds (3/9)
 U - a wand of fire (2/15)
 W - a wand of disintegration (2/24)
 X - a wand of teleportation (3/9)
Scrolls
 q - a scroll of identify
 y - 6 scrolls of teleportation
 D - 3 scrolls of fog
 E - 4 scrolls of magic mapping
 Y - 3 scrolls of blinking
Potions
 t - 3 potions of cure mutation
 w - 2 potions of curing
 F - a potion of haste
Miscellaneous
 o - a phantom mirror
Comestibles
 i - 2 meat rations
 z - a beef jerky
 G - 2 fruits


   Skills:
 + Level 3.2 Fighting
 - Level 1.0 Short Blades
 + Level 9.3 Slings
 + Level 10.0 Dodging
 + Level 15.6 Stealth
 * Level 2.4 Shields
 * Level 2.2 Spellcasting
 * Level 7.0 Transmutations
 * Level 1.9 Earth Magic
 + Level 9.4 Evocations


You had 3 spell levels left.
You knew the following spells:

 Your Spells              Type           Power        Failure   Level  Hunger
a - Beastly Appendage     Trmt           ####..       1%          1    #......
b - Sticks to Snakes      Trmt           ####....     1%          2    ##.....
c - Spider Form           Trmt/Pois      ###.......   4%          3    ###....
d - Statue Form           Trmt/Erth      ###......    97%         6    #######


Dungeon Overview and Level Annotations

Branches:
Dungeon (12/15)            Temple (0/1) D:4            Lair (3/8) D:9
    Orc (0/2) D:10
  Swamp: Lair:3-6    Shoals: Lair:3-6     Snake: Lair:3-6    Spider: Lair:3-6

Altars:
Ashenzari
Dithmenos
Elyvilon
Fedhas
Okawaru
Pakellas
Qazlal
Ru
Sif Muna
Vehumet
Yredelemnul
Zin
The Shining One

Shops:
D:4 (   D:9 :


Innate Abilities, Weirdness & Mutations

You cannot wear most types of armour.
You are amphibious.
You can wear up to eight rings at the same time.
You can use your tentacles to constrict eight enemies at once.
Your skin changes colour to match your surroundings (Stealth).
Your rubbery body absorbs attacks (AC +1).
You have a pair of small antennae on your head.
You are partially covered in rough black scales (AC +4, Dex -1).
Scrolls take you a little longer to read.
Your mind is very acute. (Int +4)
You passively map the area around you.
You evolve.


Message History

You squeeze the raiju, but do no damage.
The raiju is moderately wounded.
You constrict the raiju, but do no damage.
You constrict the salamander stormcaller.
The raiju closely misses you.
The salamander stormcaller closely misses you.
You puncture the raiju!
The raiju is moderately wounded.
You constrict the raiju.
You constrict the salamander stormcaller.
You are starving!
The raiju misses you.
You hit the raiju. Your squeeze misses the raiju.
The raiju is heavily wounded.
You constrict the raiju.
You constrict the salamander stormcaller.
The salamander stormcaller hits you with a trident.
* * * LOW HITPOINT WARNING * * *
You are engulfed in flames!
You resist.
You die...

# .#. . .####
# #.##..#.#.
#.# ###
#.#.....# ##
..#.# . #.
#.##. .#####
...#
..#.##..#...#
..###.#..N###
# .....#@#.#
#.#
...#..h#)# #
.. #.x##N.
#..##.#
.......N#
#.#.. .##..#
###.#..# #.
.. # ....


You could see a salamander stormcaller, a raiju and a small abomination
(wandering).

Vanquished Creatures
  Erolcha (D:8)
  Urug (D:10)
  A salamander mystic (Abyss:2)
  4 hill giants
  An orc knight (D:10)
  An ugly thing (D:12)
  The ghost of nublet the Cudgeler, a novice OgGl (D:4)
  2 salamanders (Abyss:2)
  2 black mambas
  Psyche (D:9)
  Joseph (D:8)
  6 spiny frogs
  2 kobold demonologists (D:12)
  2 fire drakes
  A troll (D:12)
  2 two-headed ogres (Volcano)
  3 blink frogs (Lair:1)
  A slime creature (Lair:1)
  Sigmund (D:6)
  Eustachio (D:10)
  A basilisk (Lair:1)
  A chaos spawn (Abyss:2)
  4 hippogriffs
  5 water moccasins
  5 wargs
  Duvessa (D:6)
  2 porcupines
  3 sky beasts
  A phantom (D:10)
  2 orc warriors
  7 ice beasts
  2 necrophages
  13 ogres
  3 black bears
  A wasp (D:9)
  7 centaurs
  Blork the orc (D:10)
  18 giant frogs
  A big kobold (D:8)
  2 gnoll sergeants
  Dowan (D:6)
  7 scorpions
  4 killer bees (D:10)
  9 wights
  An electric eel (Lair:2)
  3 crimson imps
  2 centaur zombies
  4 hounds
  11 jellies
  3 giant frog skeletons
  12 orc priests
  A gnoll shaman (D:8)
  9 orc wizards
  Crazy Yiuf (D:6)
  3 centaur skeletons
  6 iguanas
  11 worker ants
  15 sheep
  2 hound skeletons
  A worker ant zombie (D:9)
  Robin (D:2)
  16 gnolls
  17 adders
  33 river rats
  2 shadow imps
  24 oozes
  An adder zombie (D:7)
  An adder skeleton (D:7)
  11 giant geckos
  41 orcs
  11 bats
  A giant cockroach (D:7)
  2 gnoll zombies (D:2)
  7 goblins (D:2)
  13 hobgoblins
  14 jackals
  5 quokkas
  16 ball pythons
  8 giant newts
  16 kobolds
  2 quokka skeletons
  24 rats
  A fungus (Lair:1)
488 creatures vanquished.

Vanquished Creatures (collateral kills)
  An adder (D:2)
  A shadow imp (D:5)
  A goblin (D:2)
  A hobgoblin (D:2)
4 creatures vanquished.

Vanquished Creatures (others)
  5 fungi (Lair:1)
5 creatures vanquished.

Grand Total: 497 creatures vanquished

Notes
Turn   | Place    | Note
--------------------------------------------------------------
     0 | D:1      | M4edhros the Octopode Artificer began the quest for the Orb.
     0 | D:1      | Reached XP level 1. HP: 13/13 MP: 3/3
   468 | D:1      | Reached XP level 2. HP: 8/18 MP: 4/4
   742 | D:2      | Reached skill level 1 in Slings
   775 | D:2      | Reached XP level 3. HP: 10/23 MP: 5/5
  1113 | D:2      | Found a basalt altar of Yredelemnul.
  1243 | D:3      | Reached XP level 4. HP: 20/28 MP: 6/6
  1414 | D:3      | Found a glowing drain.
  1445 | D:3      | You fall through a shaft!
  1454 | D:4      | Noticed an ogre
  1459 | D:4      | Killed an ogre
  1459 | D:4      | Reached skill level 4 in Stealth
  1459 | D:4      | Reached XP level 5. HP: 28/33 MP: 7/7
  1522 | D:3      | Found a deep blue altar of Sif Muna.
  1522 | D:3      | Found a shadowy altar of Dithmenos.
  1525 | D:3      | Found a radiant altar of Vehumet.
  1557 | D:4      | Reached XP level 6. HP: 31/38 MP: 9/9
  1578 | Sewer    | Entered a sewer
  1934 | Sewer    | Upgraded the game from 0.18-a0-993-g4a3b7c7 to 0.18-a0-998-gcb3fcb1
  1959 | Sewer    | Reached skill level 5 in Stealth
  2274 | Sewer    | Reached XP level 7. HP: 43/43 MP: 10/10
  2347 | D:3      | Found a stormy altar of Qazlal.
  2454 | D:4      | Found Hatiopp's Weapon Shoppe.
  2465 | D:4      | Found a white marble altar of Elyvilon.
  2489 | D:4      | Noticed nublet's ghost (novice OgGl)
  2491 | D:5      | Entered Level 5 of the Dungeon
  2512 | D:5      | Reached skill level 6 in Stealth
  2566 | D:5      | Reached skill level 5 in Dodging
  2597 | D:5      | Noticed a hill giant
  2612 | D:5      | Reached XP level 8. HP: 25/48 MP: 11/11
  2833 | D:5      | Found an iron altar of Okawaru.
  2841 | D:5      | Became a worshipper of Warmaster Okawaru
  2932 | D:2      | Noticed Robin
  3414 | D:2      | Killed Robin
  3802 | D:4      | Reached skill level 7 in Stealth
  3861 | D:4      | Found a staircase to the Ecumenical Temple.
  3937 | D:4      | Gained mutation: Your mind is acute. (Int +2) [potion of beneficial mutation]
  3939 | D:4      | Lost mutation: Your mind is acute. (Int +2) [potion of cure mutation]
  3956 | D:4      | Killed nublet's ghost
  3956 | D:4      | Reached skill level 5 in Slings
  3956 | D:4      | Reached skill level 8 in Stealth
  3956 | D:4      | Reached skill level 5 in Evocations
  4001 | D:5      | Killed a hill giant
  4001 | D:5      | Reached skill level 9 in Stealth
  4001 | D:5      | Reached XP level 9. HP: 35/53 MP: 13/13
  4126 | D:5      | Gained mutation: You have a pair of small antennae on your head. [mutagenic meat]
  4127 | D:5      | Gained mutation: You evolve. [mutagenic meat]
  5033 | D:5      | Reached * piety under Okawaru
  5033 | D:5      | Reached skill level 10 in Stealth
  5286 | D:6      | Noticed Crazy Yiuf
  5292 | D:6      | Killed Crazy Yiuf
  5385 | D:6      | Noticed Sigmund
  5393 | D:6      | Killed Sigmund
  5396 | D:6      | Learned a level 1 spell: Beastly Appendage
  5399 | D:6      | Learned a level 2 spell: Sticks to Snakes
  5470 | D:6      | Gained mutation: You are partially covered in rough black scales (AC +4, Dex -1). [evolution]
  5532 | D:6      | Noticed Dowan
  5533 | D:6      | Noticed Duvessa
  5568 | D:6      | Killed Duvessa
  5740 | D:6      | Reached skill level 1 in Transmutations
  5818 | D:6      | Killed Dowan
  6118 | D:7      | Found a shattered altar of Ashenzari.
  6255 | D:7      | Reached skill level 11 in Stealth
  6272 | D:7      | Reached ** piety under Okawaru
  6517 | D:7      | Learned a level 3 spell: Spider Form
  6528 | D:7      | Reached XP level 10. HP: 43/58 MP: 15/15
  6690 | D:7      | Got a slimy spear
  6691 | D:7      | Identified the +2 spear "Poedoepp" {pierce, +Fly MP+9 Int-2 Dex+4} (You found it on level 7 of the Dungeon)
  7225 | D:8      | Noticed Erolcha
  7230 | D:8      | Killed Erolcha
  7230 | D:8      | Reached *** piety under Okawaru
  7230 | D:8      | Reached skill level 12 in Stealth
  7954 | D:7      | Gained mutation: Your mind is acute. (Int +2) [evolution]
  8093 | D:8      | Reached **** piety under Okawaru
  8241 | D:8      | Received a gift from Okawaru
  8373 | D:8      | Reached skill level 13 in Stealth
  8610 | D:8      | Noticed Joseph
  8682 | D:8      | Killed Joseph
  8693 | D:8      | Reached XP level 11. HP: 49/63 MP: 16/16
  8857 | D:8      | Found a blossoming altar of Fedhas.
  8857 | D:8      | Found a glowing golden altar of the Shining One.
  8858 | D:8      | Found a glowing silver altar of Zin.
  8862 | D:8      | Found an oddly glowing altar of Pakellas.
  9010 | D:9      | Identified a scroll of acquirement
  9226 | D:9      | Noticed Psyche
  9228 | D:9      | Killed Psyche
  9649 | D:9      | Reached ***** piety under Okawaru
  9650 | D:9      | Found Ysuegax's Book Emporium.
 10151 | D:9      | Found a staircase to the Lair.
 10320 | D:9      | Found a sacrificial altar of Ru.
 10368 | D:9      | Reached skill level 5 in Transmutations
 10391 | D:10     | Entered Level 10 of the Dungeon
 10441 | D:10     | Got a smoking rapier
 10444 | D:10     | Identified the +3 rapier "Dussi" {venom, rF+ rN+ MR++} (You found it on level 10 of the Dungeon)
 10454 | D:10     | Gained mutation: Scrolls take you a little longer to read. [mutagenic meat]
 10574 | D:10     | Noticed a hill giant
 10586 | D:10     | Killed a hill giant
 10887 | D:10     | Noticed a hill giant
 10902 | D:10     | Killed a hill giant
 10966 | D:10     | Reached skill level 14 in Stealth
 11255 | D:10     | Found a staircase to the Orcish Mines.
 11333 | D:10     | Received a gift from Okawaru
 11382 | D:10     | Noticed Urug
 11406 | D:10     | Killed Urug
 11414 | D:10     | Noticed an orc knight
 11415 | D:10     | Noticed Eustachio
 11416 | D:10     | Noticed Blork the orc
 11418 | D:10     | Killed Blork the orc
 11444 | D:10     | Killed Eustachio
 11451 | D:10     | Killed an orc knight
 12088 | D:11     | Gained mutation: Your mind is very acute. (Int +4) [evolution]
 12149 | D:11     | Gained mutation: Your muscles are strong. (Str +2) [mutagenic meat]
 12231 | D:11     | Noticed a hill giant
 12246 | D:11     | Killed a hill giant
 12571 | D:11     | Reached XP level 12. HP: 70/70 MP: 18/18
 12829 | D:12     | Lost mutation: Your muscles are strong. (Str +2) [mutagenic meat]
 12830 | D:12     | Gained mutation: You passively map a small area around you. [mutagenic meat]
 12876 | D:12     | Received a gift from Okawaru
 12882 | D:12     | Noticed a soul eater
 13201 | Lair:1   | Entered Level 1 of the Lair of Beasts
 13247 | Lair:1   | Received a gift from Okawaru
 13250 | Lair:1   | Reached skill level 15 in Stealth
 13891 | Lair:1   | Reached ****** piety under Okawaru
 14825 | Lair:2   | Gained mutation: You passively map the area around you. [evolution]
 15201 | Lair:2   | Reached skill level 1 in Shields
 15258 | Lair:2   | Learned a level 6 spell: Statue Form
 15473 | Lair:2   | Reached skill level 1 in Spellcasting
 16021 | Lair:3   | Reached skill level 1 in Earth Magic
 16077 | Lair:3   | Found a dark tunnel.
 16205 | Volcano  | Entered a volcano
 16224 | Volcano  | Found a burning altar of Makhleb.
 16228 | Volcano  | Noticed an ogre mage
 16248 | Volcano  | Cast into level 2 of the Abyss (an ogre mage)
 16293 | Abyss:2  | Noticed a tentacled starspawn
 16608 | Abyss:2  | Noticed a hellephant
 16624 | Abyss:2  | Noticed a rakshasa
 16627 | Abyss:2  | Noticed a thrashing horror
 16647 | Abyss:2  | Noticed a tentacled starspawn
 16701 | Abyss:2  | Noticed a tentacled starspawn
 16702 | Abyss:2  | Noticed a salamander stormcaller
 16719 | Abyss:2  | Received a gift from Okawaru
 16722 | Abyss:2  | Reached skill level 10 in Dodging
 16724 | Abyss:2  | HP: 2/72 [salamander stormcaller/trident (7)]
 16728 | Abyss:2  | Slain by a salamander stormcaller

Vault maps used:
D:1:      scummos_arrival_forest
D:2:      lemuel_zombie_altar_yredelemnul, uniq_robin
D:3:      nicolae_overflow_hidden_temple, marbit_many_paths,
          portal_sewer_entry_a, first_bread
D:4:      lemuel_crystal_altar, minmay_temple_entry_purple_smoke, serial_shops,
          shop
D:5:      lemuel_coloured_pillars_altar
D:6:      minmay_holes, uniq_duvessa, uniq_crazy_yiuf_cottage, uniq_sigmund
D:7:      kennysheep_mini_moat
D:8:      minitemple, hangedman_little_slice_of_home, uniq_erolcha, uniq_joseph
D:9:      erik_lair_orcish_takeover, serial_shops, nicolae_shop_stone,
          nicolae_ru_path_of_blood, uniq_psyche
D:10:     minmay_orc_entry_guard_dogs, grunt_ministairs_10, sword_in_stone
D:12:     uniq_nessos
Lair:1:   lemuel_slime, grunt_megastairs_1
Lair:2:   serial_bayou_shore_b, serial_bayou_shore_a,
          infiniplex_staircase_pool_2
Lair:3:   nicolae_volcano_entry_lava_flow, forest_entry_grove, uniq_nergalle,
          uniq_harold
Sewer:    sewer_minmay_w
Volcano:  kennysheep_volcano_temple

Action                   |  1- 3 |  4- 6 |  7- 9 | 10-12 || total
-------------------------+-------+-------+-------+-------++-------
Melee: Dagger            |    58 |    94 |   206 |   382 ||   740
       Unarmed           |       |       |     8 |       ||     8
       Spear             |       |       |       |     4 ||     4
       Rapier            |       |       |       |   422 ||   422
 Fire: Hunting sling     |       |       |       |    77 ||    77
 Cast: Spider Form       |       |       |     1 |     2 ||     3
       Sticks to Snakes  |       |       |       |    10 ||    10
       Beastly Appendage |       |       |       |     1 ||     1
Invok: Heroism           |       |       |       |     5 ||     5
Evoke: Wand              |     2 |     5 |    28 |    53 ||    88
  Use: Potion            |       |       |    13 |    22 ||    35
       Scroll            |       |       |    13 |    16 ||    29
 Stab: Sleeping          |     6 |    21 |    34 |    55 ||   116
       Distracted        |     1 |       |       |     9 ||    10
       Confused          |       |       |     4 |       ||     4
       Invisible         |       |       |       |     2 ||     2
  Eat: Chunk             |       |     4 |    10 |    25 ||    39
       Meat ration       |       |       |     1 |     3 ||     4
       Pizza             |       |       |       |     1 ||     1
